 Dungeon Crawl Stone Soup version 0.25-a0-464-g3004169c2b (webtiles) character file.

Game seed: 11646102264542185929, levelgen mode: deterministic

93 Gargoyl the Skirmisher (level 4, -1/57 HPs)
             Began as a Centaur Abyssal Knight on Feb 4, 2020.
             Was a Believer of Lugonu.
             Slain by a worker ant (2 damage)
             ... on level 3 of the Dungeon.
             The game lasted 00:05:18 (3552 turns).

Gargoyl the Skirmisher (Centaur Abyssal Knight)     Turns: 3552, Time: 00:05:19

Health: -1/57      AC: 22    Str: 15    XL:     4   Next: 36%
Magic:  5/5        EV:  1    Int: 11    God:    Lugonu [**....]
Gold:   146        SH:  0    Dex:  9    Spells: 3/3 levels left

rFire    . . .     SeeInvis .   a - +1 hand axe
rCold    . . .     Gourm    .   (no shield)
rNeg     + + +     Faith    .   (armour currently unavailable)
rPois    +         Spirit   .   (helmet currently unavailable)
rElec    .         Reflect  .   (cloak currently unavailable)
rCorr    .         Harm     .   (gloves currently unavailable)
MR       .....     NoTele   +   (no barding)
Stlth    +.........             d - amulet of rage
HPRegen  0.19/turn              (no ring)
MPRegen  0.09/turn              (no ring)

@: lethally poisoned (-1 -> -6), tree-form
A: large
a: Depart the Abyss, Bend Space, Renounce Religion, Evoke Berserk Rage


You were on level 3 of the Dungeon.
You worshipped Lugonu.
Lugonu was pleased with you.
You were not hungry.
You were a tree.
You visited 1 branch of the dungeon, and saw 3 of its levels.
You visited the Abyss 1 time.

You collected 146 gold pieces.

Inventory:

Hand Weapons
 a - a +1 hand axe (weapon)
Missiles
 k - 4 boomerangs (quivered)
Armour
 h - a +1 chain mail (melded)
Jewellery
 d - an amulet of rage (around neck)
Scrolls
 b - 2 scrolls of magic mapping
 e - 2 scrolls of remove curse
 f - 4 scrolls of identify
 j - a scroll of enchant armour
 p - 2 scrolls of fog
Potions
 n - a potion of agility
 o - a potion of brilliance
Comestibles
 c - 6 rations


   Skills:
 + Level 3.4 Fighting
 + Level 2.1 Axes
 * Level 2.6 Armour
 * Level 1.1 Dodging
 * Level 2.5 Invocations


You had 3 spell levels left.
You didn't know any spells.
Your spell library was empty.

Dungeon Overview and Level Annotations

Branches:
Dungeon (3/15)

Altars:
Elyvilon
Vehumet


Innate Abilities, Weirdness & Mutations

((You have hooves in place of feet.))
((Armour fits poorly on your strangely shaped body.))
((You cover ground very quickly.))
((You have extremely tough skin. (AC +3)))


Message History

The worker ant bites you but does no damage.
You closely miss the worker ant.
The worker ant is severely wounded.
* * * LOW HITPOINT WARNING * * *
You feel sick.
The worker ant bites you but does no damage.
The worker ant bites you.
* * * LOW HITPOINT WARNING * * *
You barely miss the worker ant.
The worker ant is severely wounded.
* * * LOW HITPOINT WARNING * * *
You feel sick.
The worker ant bites you but does no damage.
You closely miss the worker ant.
The worker ant is severely wounded.
* * * LOW HITPOINT WARNING * * *
You feel sick.
The worker ant bites you but does no damage.
The worker ant bites you.
You die...

#.#
###..#.#.#.#.#.#
#.# #.............
#.#######
#.############
#.......# ######
######..####...###
#.###.......##
#.##...###...##
#.##..##$##...#
#.###.♣a.##...#
#.#.######...## ##
#...........## #.
#.........### #.
#.#....####...
###.
#.#####r..r....#
#...
#......####...##[.
##..
#.........###.. #
##.
#.#.........##g.
#.


You could see a worker ant.

Vanquished Creatures
  3 adders
  An ooze (D:2)
  A worm (D:2)
  2 dart slugs (D:3)
  4 ball pythons
  7 bats
  5 giant cockroaches
  5 goblins
  4 hobgoblins
  2 quokkas
  9 frilled lizards
  10 kobolds
  5 rats
58 creatures vanquished.

Notes
Turn   | Place    | Note
-------+----------+-------------------------------------------
     0 | Abyss:1  | Gargoyl the Centaur Abyssal Knight began the quest for the
                  | Orb.
     0 | Abyss:1  | Reached XP level 1. HP: 19/19 MP: 2/2
    13 | Abyss:1  | Found a corrupted altar of Lugonu.
    70 | Abyss:2  | Noticed an ice dragon zombie
    77 | Abyss:2  | Noticed a wretched star
    77 | Abyss:2  | Noticed a shadow
    78 | Abyss:2  | Noticed a smoke demon
    78 | Abyss:2  | Noticed a worldbinder
    88 | Abyss:2  | Noticed a smoke demon
   102 | Abyss:2  | Noticed an efreet
   104 | Abyss:2  | Noticed a deep elf archer
   107 | Abyss:2  | Noticed a hell knight
   110 | Abyss:2  | Noticed a shadow
   111 | Abyss:2  | Noticed a starcursed mass
   116 | Abyss:2  | Noticed an ancient zyme
   123 | D:1      | Escaped the Abyss
   508 | D:1      | Reached * piety under Lugonu
   678 | D:1      | Reached XP level 2. HP: 7/26 MP: 3/3
  2273 | D:2      | Reached XP level 3. HP: 18/31 MP: 4/4
  2525 | D:2      | Reached ** piety under Lugonu
  2525 | D:2      | Reached skill level 1 in Dodging
  2843 | D:2      | Found a radiant altar of Vehumet.
  3232 | D:3      | Reached XP level 4. HP: 38/38 MP: 5/5
  3235 | D:3      | Found a white marble altar of Elyvilon.
  3551 | D:3      | HP: 2/57 [poisoned by a worker ant]
  3552 | D:3      | Slain by a worker ant

Levels and vault maps discovered:
D:1:      dpeg_arrival_signposts, layout_basic, hangedman_decor_growths
D:2:      layout_basic, vehumet_crystals
D:3:      minmay_roachtagon, layout_loops_ring, elyvilon_altar_5, first_ration,
          portal_sewer_entry_c, minmay_puff

Skill      XL: |  1  2  3 |
---------------+----------+-----
Armour         | 2 |  2.6
Axes           | 2 |  2.1
Dodging        | 1 |  1.1
Fighting       | |  3.4
Invocations    | |  2.5

Action                   |  1- 3 |  4- 6 || total
-------------------------+-------+-------++-------
Melee: Hand axe          |   145 |    40 ||   185
       Kick              |    23 |     8 ||    31
Invok: Depart the Abyss  |     1 |       ||     1
  Use: Scroll            |    10 |       ||    10
       Potion            |     1 |     1 ||     2
  Eat: Chunk             |     6 |     1 ||     7
Armor: Leather armour    |    22 |       ||    22
       Chain mail        |    84 |    23 ||   107
       Skin              |       |     7 ||     7
Dodge: Dodged            |    56 |     8 ||    64

Table legend:
 A = Non-vault XP
 B = Vault XP
 C = Vault XP percentage of total XP
 D = Non-vault monster count
 E = Vault monster count
 F = Vault count percentage of total count
                 A         B        C        D         E       F
            +---------+---------+-------+---------+---------+-------
      Total |     133 |       0 |   0.0 |      58 |       0 |   0.0
            +---------+---------+-------+---------+---------+-------
        D:1 |      33 |       0 |   0.0 |      23 |       0 |   0.0
        D:2 |      60 |       0 |   0.0 |      20 |       0 |   0.0
        D:3 |      40 |       0 |   0.0 |      15 |       0 |   0.0
            +---------+---------+-------+---------+---------+-------
